 Dungeon Crawl Stone Soup version 0.23.1 (webtiles) character file.

Game seed: 4939396222905286154

97 elfaar the Chopper (level 4, -3/41 HPs)
             Began as a Minotaur Berserker on Mar 5, 2019.
             Was a Believer of Trog.
             Slain by a gnoll
             ... wielding a +0 halberd
              (9 damage)
             ... on level 2 of the Dungeon.
             The game lasted 00:05:44 (707 turns).

elfaar the Chopper (Minotaur Berserker)              Turns: 707, Time: 00:05:45

Health: -3/41      AC:  2    Str: 22    XL:     4   Next: 42%
Magic:  3/3        EV: 12    Int:  4    God:    Trog [**....]
Gold:   57         SH:  0    Dex: 10    Spells: 3/3 levels left

rFire    + . .     SeeInvis .   a - +1 hand axe
rCold    . . .     Gourm    .   (no shield)
rNeg     . . .     Faith    .   b - +0 animal skin
rPois    .         Spirit   .   (helmet restricted)
rElec    .         Reflect  .   (no cloak)
rCorr    .         Harm     .   (no gloves)
MR       .....                  (no boots)
Stlth    +.........             (no amulet)
HPRegen  0.13/turn              f - ring of protection from cold
MPRegen  0.08/turn              j - ring of fire

@: berserk cooldown
A: retaliatory headbutt, horns 2
a: Berserk, Trog's Hand, Renounce Religion


You were on level 2 of the Dungeon.
You worshipped Trog.
Trog was pleased with you.
You were not hungry.

You visited 1 branch of the dungeon, and saw 2 of its levels.

You collected 57 gold pieces.

Inventory:

Hand Weapons
 a - a +1 hand axe (weapon)
 l - a +0 spear
Missiles
 e - 55 stones (quivered)
Armour
 b - a +0 animal skin (worn)
Jewellery
 f - a ring of protection from cold (left hand)
 j - a ring of fire (right hand)
Potions
 h - 2 potions of haste
 k - a potion of curing {unknown}
Comestibles
 c - 2 rations
 d - 3 chunks of flesh


   Skills:
 + Level 4.5 Fighting
 + Level 5.0 Axes
 + Level 2.8 Armour
 + Level 2.9 Dodging


You had 3 spell levels left.
You didn't know any spells.
Your spell library was empty.

Dungeon Overview and Level Annotations

Branches:
Dungeon (2/15)

Altars:


Innate Abilities, Weirdness & Mutations

You reflexively headbutt those who attack you in melee.
You have a pair of horns on your head.


Message History

The frilled lizard bites you. The gnoll hits you with a +0 spear.
* * * LOW HITPOINT WARNING * * *
The frilled lizard barely misses you.
You hit the gnoll.
You kill the gnoll!
Trog accepts your kill.
Your Axes skill increases to level 5!
You closely miss the frilled lizard. The frilled lizard barely misses you.
You miss the frilled lizard.
The frilled lizard bites you but does no damage.
You miss the frilled lizard. The frilled lizard barely misses you.
You closely miss the frilled lizard. You headbutt the frilled lizard.
You kill the frilled lizard!
Trog accepts your kill.
The gnoll hits you from afar with a +0 halberd.
* * * LOW HITPOINT WARNING * * *
You slash the gnoll!
The gnoll is heavily wounded.
The gnoll hits you from afar with a +0 halberd!
You die...

.. #########.#
..........#
..........## ##
..........##.#..
..........##.#.###
..[..............
..........##+#'###
####+#.....g@.).####
......†<..)g........#
.....###.........##.#
.... '...........##.#
... ###........>##.#
## #.........##.#
#........)##.########
#.........##.#......#
#.........##.#.####.#


You could see 2 gnolls.

Vanquished Creatures
  Natasha (D:2)
  A gnoll (D:2)
  An ooze (D:1)
  5 dart slugs
  A leopard gecko (D:2)
  A giant cockroach (D:1)
  5 goblins (D:1)
  4 hobgoblins
  7 kobolds
  2 ball pythons (D:1)
  5 bats
  A frilled lizard (D:2)
  18 rats
52 creatures vanquished.

Notes
Turn   | Place    | Note
-------+----------+-------------------------------------------
     0 | D:1      | elfaar the Minotaur Berserker began the quest for the Orb.
     0 | D:1      | Reached XP level 1. HP: 19/19 MP: 0/0
    14 | D:1      | Reached XP level 2. HP: 27/27 MP: 1/1
    61 | D:1      | Reached skill level 4 in Axes
   178 | D:1      | Reached ** piety under Trog
   213 | D:1      | Reached XP level 3. HP: 30/33 MP: 2/2
   651 | D:2      | Noticed Natasha
   659 | D:2      | Killed Natasha
   659 | D:2      | Reached XP level 4. HP: 40/41 MP: 3/3
   697 | D:2      | Reached skill level 5 in Axes
   707 | D:2      | Slain by a gnoll

Skill      XL: |  1  2  3  4 |
---------------+-------------+-----
Fighting       | 4 |  4.5
Axes           | 4 5 |  5.0
Armour         | |  2.8
Dodging        | |  2.9

Action                   |  1- 3 |  4- 6 || total
-------------------------+-------+-------++-------
Melee: Hand axe          |    67 |    13 ||    80
       Headbutt          |    12 |     2 ||    14
Throw: Stone             |       |     2 ||     2
Invok: Berserk           |     2 |       ||     2
  Use: Scroll            |     6 |       ||     6
  Eat: Chunk             |       |     1 ||     1
Armor: Animal skin       |    19 |     1 ||    20
Dodge: Dodged            |    41 |     9 ||    50
